Trumpblowz, neutral male human Monk ------ ----- |....| |...| |...`----%..| |........%..| |.`--->---..| |---------.--- |....^<|.....| |..----|.....| --.| |.....| |.-----.....| |....@d.....| |..---------- ---- Trumpblowz the Novice Experience level: 5 Strength: 18 Dexterity: 12 Constitution: 10 Intelligence: 10 Wisdom: 15 Charisma: 11 Health: 0(40) Energy: 34(34) Def: 6 Gold: 488 Moves: 2702 Dungeon seed: GUBD1dgyU6WnLnJ7 Game ID: Trumpblowz_1524284316 Your Inventory: Coins $ - 488 gold pieces Amulets X - an uncursed amulet of life saving Weapons j - 4 +0 orcish daggers l - 10 blessed +2 arrows v - 6 blessed +0 orcish arrows C - 3 +0 daggers I - 10 cursed -1 elven arrows Q - 7 +0 crossbow bolts R - a +0 crossbow S - a +0 arrow Armor e - an uncursed +2 pair of leather gloves (being worn) n - an uncursed +1 robe (being worn) q - an uncursed +0 orcish helm z - a blessed +1 pair of jumping boots N - an uncursed +0 crystal plate mail Comestibles d - 2 uncursed food rations k - 3 uncursed fortune cookies o - an uncursed egg t - an uncursed slime mold u - an uncursed tripe ration A - an uncursed tin of jackal meat L - an uncursed tin of newt meat Scrolls b - a blessed scroll of remove curse i - an uncursed scroll of magic mapping m - an uncursed scroll of blank paper w - 2 uncursed scrolls of earth Spellbooks a - a blessed spellbook of sleep B - an uncursed spellbook of detect monsters Potions c - 3 uncursed potions of healing J - an uncursed potion of water M - a blessed potion of booze W - a blessed potion of enlightenment Rings s - a cursed ring of aggravate monster Wands p - a wand of magic missile (0:7) Z - a wand of striking (0:6) Tools x - an uncursed mirror H - an uncursed figurine of a floating eye K - an uncursed wax candle (0:400) Gems g - an uncursed worthless piece of violet glass r - an uncursed worthless piece of yellowish brown glass y - an uncursed flint stone Y - an uncursed agate stone Spells and supernatural/magical abilities: Name Level Category Fail Memory n - detect monsters 1 divination 0% 96% z - sleep 1 enchantment 0% 87% W - pray for help -- divine ? -- Your skills at the end: Fighting Skills martial arts [Basic] Weapon Skills Spellcasting Skills healing spells [Basic] Final Attributes: You were piously aligned. You were sleep resistant. You were poison resistant. You saw invisible. You were stealthy. You were fast. You are dead. Vanquished creatures: a gnome lord a floating eye 3 giant bats 3 orc zombies 4 iguanas 5 coyotes a hobbit 4 gnomes 3 garter snakes 4 geckos 7 jackals 2 kobolds 5 goblins 6 sewer rats 7 grid bugs 2 lichens 3 kobold zombies 6 newts 67 creatures vanquished. Voluntary challenges: You were vegetarian. You had followed a strict vegan diet until turn 2023. You never hit with a wielded weapon. You read items or engraved 7 times, starting on turn 1824. You never genocided any monsters. You never polymorphed an object. You never changed form. You used no wishes. You never split a pudding. You never wrote Elbereth's name. You never violated your personal moral code. Dungeon overview: The Dungeons of Doom: levels 1 to 6 Level 1 a long staircase Level 2 a fountain Level 3 an altar to Chih Sung-tzu, a fountain, a sink Level 4 a sink stairs to The Gnomish Mines Level 5 many fountains Level 6 stairs to Sokoban The Gnomish Mines: Level 5 stairs to The Dungeons of Doom Sokoban: Level 5 <- You were here stairs to The Dungeons of Doom History has recorded: On T:1 you entered the Dungeons of Doom to retrieve the Amulet of Yendor! On T:41 you reached level 2 of The Dungeons of Doom. On T:639 you advanced to experience level 2. On T:777 you reached level 3 of The Dungeons of Doom. On T:1201 you advanced to experience level 3. On T:1459 you advanced to experience level 4. On T:1565 you reached level 4 of The Dungeons of Doom. On T:1615 you reached level 1 of The Gnomish Mines. On T:2013 you reached level 5 of The Dungeons of Doom. On T:2197 you reached level 6 of The Dungeons of Doom. On T:2266 you reached level 4 of Sokoban. On T:2572 you advanced to experience level 5. Score breakdown: Gold: 488 ( 9148 points) Experience: 5 levels (11141 points) Exploration: 6 levels ( 13.04%) (10000 points) Discoveries: 6 items ( 2.14%) ( 4391 points) Valuables value: (no points given unless you survive) Artifact value: 0 ( 0 points) Variety of kills: 18 monsters ( 4.72%) ( 6520 points) Turncount: 2702 turns ( -445 points) Survival: died (score multiplied by 80%) Total score: 32604 Latest messages: The coyote bites! You kill the coyote! With great effort you move the boulder. You hear a monster behind the boulder. Perhaps that's why you cannot move it. You attack thin air. With great effort you move the boulder. You try to move the boulder, but in vain. With great effort you move the boulder. You hear a monster behind the boulder. Perhaps that's why you cannot move it. With great effort you move the boulder. The boulder fills a pit. The dog bites! (2x) You hit the dog! The dog misses. You hit the dog! (2x) The dog bites! The dog misses. The dog bites! (3x) You die... Final status: Goodbye Trumpblowz the Monk, killed by a dog... You died in Sokoban on dungeon level 5 with 32604 points, and 488 pieces of gold, after 2702 moves. You were level 5 with a maximum of 40 hit points when you died.